 Dungeon Crawl Stone Soup version 0.19.1 (webtiles) character file.

1218 Arnot the Cleaver (level 8, -3/61 HPs)
             Began as a Minotaur Fighter on Dec 16, 2016.
             Killed from afar by empire's ghost (10 damage)
             ... with a magic dart
             ... on level 5 of the Dungeon.
             The game lasted 00:08:34 (3969 turns).

Arnot the Cleaver (Minotaur Fighter)                Turns: 3969, Time: 00:08:35

Health: -3/61      AC: 12    Str: 22    XL:     8   Next: 22%
Magic:  7/7        EV:  3    Int:  5    God:
Gold:   191        SH: 16    Dex: 11    Spells: 0 memorised, 7 levels left

rFire  + . .     SeeInvis .     a - +0 war axe
rCold  + . .     Gourm    .     s - +0 plate armour
rNeg   . . .     Faith    .     n - +0 large shield
rPois  +         Spirit   .     (helmet unavailable)
rElec  +         Reflect  .     (no cloak)
rCorr  +         Harm     .     (no gloves)
MR     .....                    (no boots)
Stlth  ..........               (no amulet)
                                (no ring)
                                (no ring)

@: about to teleport, resistant
A: retaliatory headbutt, hooves 1, horns 3, frail 1
a: no special abilities


You were on level 5 of the Dungeon.
You were not hungry.

You visited 1 branch of the dungeon, and saw 5 of its levels.

You collected 191 gold pieces.

Inventory:

Hand Weapons
 a - a +0 war axe (weapon)
Armour
 b - a +0 scale mail
 c - a +0 shield
 m - a +2 shield
 n - a +0 large shield (worn)
 s - a +0 plate armour (worn)
Scrolls
 g - a scroll of amnesia {unknown}
 h - 2 scrolls of teleportation
 i - a scroll of enchant armour {unknown}
 o - 3 scrolls of fog {unknown}
 r - a scroll of fear {unknown}
 t - a scroll of remove curse {unknown}
Potions
 e - a potion of heal wounds
 q - 3 potions of brilliance
Comestibles
 d - a royal jelly
 f - 6 bread rations
 j - a meat ration
 l - a fruit


   Skills:
 + Level 5.0 Fighting
 * Level 8.8 Axes
 + Level 5.6 Armour
 + Level 1.2 Dodging
 + Level 6.8 Shields


You had 7 spell levels left.
You didn't know any spells.

Dungeon Overview and Level Annotations

Branches:
Dungeon (5/15)             Temple (0/1) D:5

Altars:
Ashenzari
Qazlal
Ru
Xom

Annotations:
D:5 empire's ghost, novice DsNe


Innate Abilities, Weirdness & Mutations

You reflexively headbutt those who attack you in melee.
You have a pair of large horns on your head.
You have large cloven feet.
You are frail. (-10% HP)


Message History

You kick empire's ghost, but do no damage.
Empire's ghost is almost destroyed.
Empire's ghost whispers, "There is no future for you."
Empire's ghost points at you and mumbles some strange words.
Pain shoots through your body!
* * * LOW HITPOINT WARNING * * *
As you read the scroll of teleportation, it crumbles to dust.
You feel strangely unstable. Empire's ghost casts a spell at you.
Pain shoots through your body!
* * * LOW HITPOINT WARNING * * *
Empire's ghost points at you and mumbles some strange words.
The magic dart hits you!
* * * LOW HITPOINT WARNING * * *
Found 6 gold pieces.
You see here a giant club.
You block empire's ghost's attack.
Empire's ghost points at you and mumbles some strange words.
The magic dart hits you!
You die...

... ..... ... ..... ...
##### #.# #..# .$.#
.#..#######.####..##...#
.....#..................
.....#..)...............
.....#...../..W....[....
....>#........).........
##..#######†####@.##...
##..###..##.## #..#
≈............# .....
.............#........
†............#..........
##...####(..##....##...#
####+####...####### ...#
.............. ...
..............


You could see empire's ghost.

Vanquished Creatures
  The ghost of markt42 the Cleaver, a novice HOFi (D:4)
  A sky beast (D:5)
  An ogre (D:5)
  A centaur (D:5)
  2 scorpions
  A bullfrog zombie (D:5)
  3 orc wizards
  A hound (D:4)
  2 orc priests (D:4)
  A centaur skeleton (D:4)
  Ijyb (D:3)
  4 worker ants
  A worker ant zombie (D:5)
  7 adders
  3 worms
  2 dart slugs
  4 leopard geckos
  16 orcs
  A giant cockroach (D:4)
  19 goblins
  5 hobgoblins
  18 jackals
  7 kobolds
  2 quokkas (D:3)
  5 bats
  2 frilled lizards
  A leopard gecko skeleton (D:5)
  7 rats
119 creatures vanquished.

Notes
Turn   | Place    | Note
-------+----------+-------------------------------------------
     0 | D:1      | Arnot the Minotaur Fighter began the quest for the Orb.
     0 | D:1      | Reached XP level 1. HP: 19/19 MP: 0/0
   194 | D:1      | Reached XP level 2. HP: 27/27 MP: 1/1
   960 | D:2      | Reached XP level 3. HP: 26/33 MP: 2/2
   962 | D:2      | Found a shimmering altar of Xom.
  1212 | D:2      | Reached skill level 3 in Axes
  1579 | D:2      | Found a shattered altar of Ashenzari.
  1579 | D:2      | Found a sacrificial altar of Ru.
  1798 | D:3      | Reached XP level 4. HP: 39/40 MP: 3/3
  1891 | D:3      | Noticed Ijyb
  1915 | D:3      | Killed Ijyb
  1915 | D:3      | Reached skill level 4 in Axes
  1934 | D:3      | Gained mutation: You have large cloven feet. [potion of mutation]
  1934 | D:3      | Gained mutation: You have a pair of large horns on your head. [potion of mutation]
  1934 | D:3      | Gained mutation: You are frail. (-10% HP) [potion of mutation]
  2142 | D:3      | Reached XP level 5. HP: 29/42 MP: 4/4
  2146 | D:3      | Found a shimmering altar of Xom.
  2564 | D:4      | Reached skill level 5 in Axes
  2564 | D:4      | Reached skill level 5 in Shields
  2630 | D:4      | Reached XP level 6. HP: 30/47 MP: 5/5
  2631 | D:4      | Reached skill level 1 in Dodging
  2823 | D:4      | Noticed markt42's ghost (novice HOFi)
  2841 | D:3      | Reached skill level 6 in Axes
  3190 | D:4      | Found a stormy altar of Qazlal.
  3213 | D:4      | Killed markt42's ghost
  3213 | D:4      | Reached skill level 7 in Axes
  3213 | D:4      | Reached skill level 5 in Armour
  3213 | D:4      | Reached XP level 7. HP: 11/54 MP: 6/6
  3697 | D:5      | Entered Level 5 of the Dungeon
  3768 | D:5      | Found a staircase to the Ecumenical Temple.
  3772 | D:5      | Reached skill level 8 in Axes
  3784 | D:5      | Reached XP level 8. HP: 42/60 MP: 7/7
  3794 | D:5      | Reached skill level 5 in Fighting
  3942 | D:5      | Noticed empire's ghost (novice DsNe)
  3969 | D:5      | Killed from afar by empire's ghost

Skill      XL: |  1  2  3  4  5  6  7  8 |
---------------+-------------------------+-----
Shields        | 4 5 6 |  6.8
Armour         | 4 5 |  5.6
Fighting       | 4 5 |  5.0
Axes           | 3 4 5 7 8 |  8.8
Dodging        | 1 |  1.2

Action                   |  1- 3 |  4- 6 |  7- 9 || total
-------------------------+-------+-------+-------++-------
Melee: War axe           |   132 |   139 |   117 ||   388
       Headbutt          |    13 |    22 |    21 ||    56
       Kick              |       |    26 |    30 ||    56
  Use: Potion            |       |     3 |     4 ||     7
       Scroll            |       |     3 |     2 ||     5
  Eat: Bread ration      |     1 |       |       ||     1
       Beef jerky        |     1 |       |       ||     1
       Meat ration       |       |     1 |       ||     1
Armor: Scale mail        |    72 |    51 |       ||   123
       Plate armour      |       |    16 |    68 ||    84
Dodge: Dodged            |    38 |    25 |     8 ||    71
Block: Shield            |    68 |       |       ||    68
       Large shield      |    27 |   105 |    92 ||   224
